 Dungeon Crawl Stone Soup version 0.27-a0-637-g3a9f0a9c12 (webtiles) character file.

Game seed: 4007942586213597409

1059 ReteAZ the Frost Mage (level 7, 0/50 HPs)
             Began as a Demigod Ice Elementalist on Mar 15, 2021.
             Slain by an ice beast (3 damage)
             ... on level 6 of the Dungeon.
             The game lasted 00:07:49 (6449 turns).

ReteAZ the Frost Mage (Demigod Ice Elementalist)    Turns: 6449, Time: 00:07:49

Health: 0/50       AC:  5    Str: 16 (19) XL:     7   Next: 77%
Magic:  16/17      EV: 11    Int: 20 (21) God:
Gold:   269        SH:  0    Dex: 13 (14) Spells: 11/15 levels left

rFire    + + .     SeeInvis .   s - +0 war axe
rCold    + + .     Faith    .   (no shield)
rNeg     . . .     Spirit   .   m - +0 ring mail
rPois    +         Reflect  .   (no helmet)
rElec    +         Harm     .   o - scarf {rC+ rF+}
rCorr    +         Rampage  .   (no gloves)
Will     +....                  (no boots)
Stlth    +.........             (no amulet)
HPRegen  0.16/turn              v - ring of willpower
MPRegen  0.15/turn              B - +6 ring of strength

@: resistant, flying, invisible
A: high mp 1, forlorn
a: no special abilities


You were on level 6 of the Dungeon.
You visited 1 branch of the dungeon, and saw 6 of its levels.

You collected 269 gold pieces.

Inventory:

Hand Weapons
 b - a +0 short sword
 r - a +0 falchion
 s - a +0 war axe (weapon)
 D - a +2 dagger of speed
Missiles
 h - a throwing net
Armour
 a - a +0 robe
 m - a +0 ring mail (worn)
 o - a scarf of resistance (worn)
Jewellery
 v - a ring of willpower (right hand)
 B - a +6 ring of strength (left hand)
Wands
 l - a wand of digging (8)
 q - a wand of charming (12)
 x - a wand of flame (12)
 A - a wand of iceblast (10)
Scrolls
 c - 4 scrolls of amnesia {unknown}
 d - 5 scrolls of identify {unknown}
 e - a scroll of fear {unknown}
 g - a scroll of noise {unknown}
 i - a scroll of enchant weapon {unknown}
 t - 2 scrolls of teleportation {unknown}
 y - a scroll of blinking {unknown}
 C - a scroll of enchant armour {unknown}
Potions
 f - a potion of flight
 k - 2 potions of degeneration
 n - a potion of berserk rage {unknown}
 p - a potion of resistance
 u - a potion of lignification {unknown}
 w - a potion of curing {unknown}
 z - a potion of magic {unknown}


   Skills:
 - Level 1.7 Dodging
 - Level 1.7 Stealth
 + Level 4.8 Spellcasting
 * Level 8.0 Ice Magic


You had 11 spell levels left.
You knew the following spells:

 Your Spells              Type           Power      Damage    Failure   Level
a - Freeze                Ice            100%       1d11      1%          1
b - Frozen Ramparts       Ice            72%        1d9       2%          3

Your spell library contained the following spells:

 Spells                   Type           Power      Damage    Failure   Level
 Ozocubu's Armour         Ice            36%        N/A       2%          3
 Hailstorm                Conj/Ice       20%        3d6       41%         4
 Summon Ice Beast         Ice/Summ       20%        N/A       41%         4


Dungeon Overview and Level Annotations

Branches:
Dungeon (6/15)
 Temple: D:4-7

Annotations:
D:5 1 runed translucent door


Innate Abilities, Weirdness & Mutations

Your attributes grow dramatically as you level up.
You have an increased reservoir of magic. (+10% MP)
You shall have no god before yourself.


Message History

The ice beast hits you. The ice beast freezes you. You resist.
The ice beast completely resists.
The wall freezes the ice beast but does no damage.
The ice beast closely misses you.
You slash the ice beast!
The ice beast is heavily wounded.
The ice beast completely resists.
The wall freezes the ice beast but does no damage.
The ice beast hits you. The ice beast freezes you. You resist.
* * * LOW HITPOINT WARNING * * *
You hit the ice beast but do no damage.
The ice beast is heavily wounded.
The ice beast completely resists.
The wall freezes the ice beast but does no damage.
The ice beast closely misses you.
The ice beast completely resists.
The wall freezes the ice beast but does no damage.
The ice beast hits you.
* * * LOW HITPOINT WARNING * * *
The ice beast freezes you. You resist.
* * * LOW HITPOINT WARNING * * *
It was a potion of degeneration.
There was something very wrong with that liquid.
You feel weakened.
You feel dopey.
You feel clumsy.
The ice beast completely resists.
The wall freezes the ice beast but does no damage.
The ice beast barely misses you.
It was a potion of flight.
You feel very buoyant.
You fly up into the air.
The ice beast completely resists.
The wall freezes the ice beast but does no damage.
The ice beast hits you but does no damage.
It was a potion of resistance.
You feel protected.
The frozen ramparts melt away.
The ice beast completely misses you.
It was a potion of invisibility.
You fade into invisibility!
The ice beast hits you.
* * * LOW HITPOINT WARNING * * *
The ice beast freezes you. You resist.
You die...

# ##### ##. ..
#...# ##.. ...
#...# #..# ##.#
#...# ##..# ...#
#..## #...#....#
#.## #...#....#
...## ##..)Y...?#
....# #...@# ....#
#. #....# ....#
#...#....####...
.##.#
................
###.#
#########.########
###.# #.........#
.##.###.#......##
..#...........##
.....#.#.#...##


You could see an ice beast.

Vanquished Creatures
  A black bear (D:6)
  An orc warrior (D:6)
  An ice beast (D:5)
  An ogre (D:5)
  A bullfrog (D:2)
  A howler monkey (D:5)
  A hound (D:4)
  A bullfrog skeleton (D:4)
  An orc priest (D:6)
  A gnoll shaman (D:5)
  An iguana (D:4)
  4 orc wizards
  Ijyb (D:3)
  3 worker ants
  A hound skeleton (D:4)
  5 gnolls (D:5)
  7 adders
  2 shadow imps (D:5)
  A white imp (D:5)
  2 oozes
  3 worms
  A dart slug (D:2)
  3 leopard geckos
  8 orcs
  4 ball pythons
  10 bats
  3 giant cockroaches
  7 goblins
  8 hobgoblins
  2 jackals (D:2)
  6 kobolds
  2 quokkas
  6 frilled lizards
  9 rats
109 creatures vanquished.

Notes
Turn   | Place    | Note
-------+----------+-------------------------------------------
     0 | D:1      | ReteAZ the Demigod Ice Elementalist began the quest for the
                  | Orb.
     0 | D:1      | Reached XP level 1. HP: 14/14 MP: 5/5
   289 | D:1      | Reached skill level 4 in Ice Magic
   289 | D:1      | Reached XP level 2. HP: 12/20 MP: 1/7
  1471 | D:2      | Reached XP level 3. HP: 26/26 MP: 7/9
  1475 | D:2      | Learned a level 3 spell: Frozen Ramparts
  1728 | D:2      | Noticed a bullfrog
  1734 | D:2      | Killed a bullfrog
  1735 | D:2      | Reached XP level 4. HP: 30/33 MP: 4/10
  1943 | D:2      | Reached skill level 5 in Ice Magic
  2897 | D:3      | Reached XP level 5. HP: 26/38 MP: 10/12
  3295 | D:3      | Noticed Ijyb
  3301 | D:3      | Killed Ijyb
  4009 | D:4      | Reached skill level 6 in Ice Magic
  4014 | D:4      | Reached XP level 6. HP: 17/45 MP: 7/14
  4816 | D:5      | Entered Level 5 of the Dungeon
  5104 | D:5      | Found a runed translucent door.
  5104 | D:5      | Noticed an angel
  5255 | D:5      | Reached XP level 7. HP: 34/50 MP: 10/16
  5635 | D:5      | Reached skill level 7 in Ice Magic
  6443 | D:6      | Reached skill level 8 in Ice Magic
  6449 | D:6      | Slain by an ice beast

Illustrated notes

Levels and vault maps discovered:
D:1:      roderic_octagonal_star, layout_loops_ring
D:2:      layout_basic
D:3:      layout_loops_ring, uniq_ijyb
D:4:      layout_rooms, evilmike_ruin_ashenzari
D:5:      layout_basic, basic_altar, lemuel_angel_altar
D:6:      minmay_recursive_quarters, layout_cave_pools, serial_co_window_serial,
          co_window_cross_1, co_window_corner_a, co_window_of_opportunity_a,
          co_window_corner_a, co_window_of_opportunity_a, co_window_cross_3,
          co_window_cross_4, co_window_paths_c, co_window_paths_c,
          glass_columns_a, glass_columns_b, glass_columns_a, glass_columns_c,
          glass_columns_a, grunt_ministairs_8

Skill      XL: |  1  2  3  4  5  6  7 |
---------------+----------------------+-----
Spellcasting   | 2 3 4 |  4.8
Ice Magic      | 4 5 6 8 |  8.0
Dodging        | |  1.7
Stealth        | |  1.7

Action                   |  1- 3 |  4- 6 |  7- 9 || total
-------------------------+-------+-------+-------++-------
Melee: Unarmed           |    16 |       |       ||    16
       Short sword       |     4 |    61 |       ||    65
       Falchion          |       |     8 |       ||     8
       War axe           |       |     6 |    37 ||    43
       Dagger            |       |       |     5 ||     5
 Cast: Freeze            |    44 |    68 |    12 ||   124
       Frozen Ramparts   |     2 |    14 |     4 ||    20
  Use: Potion            |       |       |     4 ||     4
 Stab: Sleeping          |     2 |     2 |       ||     4
Armor: Robe              |     9 |    10 |       ||    19
       Ring mail         |       |    18 |    23 ||    41
Dodge: Dodged            |    31 |    74 |    29 ||   134
       Rpst.: Falchion   |       |     3 |       ||     3

Table legend: (Time is in decaauts)
 A = Elapsed time spent in this place.
 B = Non-inter-level travel time spent in this place.
 C = Inter-level travel time spent in this place.
 D = Time resting spent in this place.
 E = Time spent auto-exploring this place.
 F = Levels seen in this place.
 G = Mean time per level.
                   A        B        C        D        E       F      G
               +--------+--------+--------+--------+--------+-----+--------+
         Total |   6477 |   6302 |    175 |    464 |   4830 |   6 | 1079.5 |
       Dungeon |   6477 |   6302 |    175 |    464 |   4830 |   6 | 1079.5 |
               +--------+--------+--------+--------+--------+-----+--------+

Top non-repeatable levels by time:
     D:2: 1367 daAuts
     D:1: 1318 daAuts
     D:5: 1300 daAuts
     D:4: 1079 daAuts
     D:3: 1066 daAuts
     D:6: 345 daAuts
